 Dungeon Crawl Stone Soup version 0.30-a0-1103-g25895a7845 (webtiles) character file.

Game seed: 11197837561251345103

37 NinjaNoafa the Ducker (level 3, 0/26 HPs)
             Began as a Human Wanderer on Apr 18, 2023.
             Slain by Sigmund
             ... wielding a +0 scythe
              (6 damage)
             ... on level 2 of the Dungeon.
             The game lasted 00:03:25 (1079 turns).

NinjaNoafa the Ducker (Human Wanderer)              Turns: 1079, Time: 00:03:25

Health: 0/26       AC:  6    Str: 12    XL:     3   Next: 62%
Magic:  6/7        EV: 12    Int: 13    God:
Gold:   58         SH:  0    Dex: 13    Spells: 7/8 levels left

rFire   . . .      SeeInvis .    h - +0 short sword
rCold   . . .      Faith    .    (no shield)
rNeg    . . .      Spirit   .    d - +2 leather armour
rPois   .          Reflect  .    (no helmet)
rElec   .          Rampage  .    a - +0 cloak
rCorr   .                        (no gloves)
Will    .....                    (no boots)
Stlth   +                        (no amulet)
HPRegen 0.24/turn                (no ring)
MPRegen 0.10/turn                (no ring)

@: no status effects
A: no striking features
a: no special abilities


You were on level 2 of the Dungeon.
You visited 1 branch of the dungeon, and saw 2 of its levels.

You collected 58 gold pieces.

Inventory:

Hand Weapons
 h - a +0 short sword (weapon)
Armour
 a - a +0 cloak (worn)
 d - a +2 leather armour (worn)
Scrolls
 b - 2 scrolls of vulnerability
 c - 3 scrolls of fog {unknown}
 f - 3 scrolls of identify {unknown}
 j - a scroll of blinking {unknown}
 l - a scroll of teleportation {unknown}
 m - a scroll of torment {unknown}
Potions
 e - a potion of flight {unknown}
 g - a potion of ambrosia
 i - 2 potions of degeneration {unknown}
 n - a potion of might {unknown}


   Skills:
 - Level 1.0 Fighting
 - Level 4.0 Dodging
 - Level 1.0 Stealth
 - Level 3.0 Spellcasting
 + Level 3.0 Hexes
 - Level 1.0 Invocations


You had 7 spell levels left.
You knew the following spells:

 Your Spells              Type           Power      Damage    Failure   Level
a - Slow                  Hex            36%        N/A       9%          1

Your spell library contained the following spells:

 Spells                   Type           Power      Damage    Failure   Level
 Dazzling Flash           Conj/Hex       10%        N/A       43%         3


Dungeon Overview and Level Annotations

Branches:
Dungeon (2/15)

Altars:

Annotations:
D:2 Sigmund


Message History

The rat is severely wounded.
The bat misses you. The rat closely misses you.
You hit the rat.
You kill the rat!
The bat hits you.
* * * LOW HITPOINT WARNING * * *
Your Hexes skill increases to level 3!
You are too injured to fight recklessly!
You barely miss the bat. The bat barely misses you.
The hobgoblin hits you but does no damage.
The hobgoblin closely misses you.
You barely miss the hobgoblin.
The hobgoblin is heavily wounded.
The bat completely misses you. Something hits you but does no damage.
The hobgoblin hits you but does no damage.
You closely miss the hobgoblin.
The hobgoblin is heavily wounded.
The bat is no longer moving slowly.
Something hits you.
* * * LOW HITPOINT WARNING * * *
The hobgoblin hits you.
* * * LOW HITPOINT WARNING * * *
Unknown command.
Unknown command.
Aiming: Slow (safe; 9% risk of failure)
Press: ? - help, Q - select action Shift-Dir - straight line, f/p - bat
Aim: a bat (chance to affect: 61%)
The bat resists with significant effort.
The bat barely misses you. The bat closely misses you.
The hobgoblin hits you but does no damage.
You hit the hobgoblin.
The hobgoblin is severely wounded.
The bat closely misses you. x2; Something hits you.
* * * LOW HITPOINT WARNING * * *
The hobgoblin closely misses you.
Unknown command.
You closely miss the hobgoblin.
You punch the hobgoblin, but do no damage.
The hobgoblin is severely wounded.
The bat closely misses you. Something hits you.
You die...

.###......#........# †#
##.###..........# .# #.#
#........## .# #.###
#..†......# .#
#...###..........
.#####.............#.
.............####### .#
†#####.....#..##...#...##
.# #.......##..g@b.......
.###)#.....#####...#...##
.....#.....# #....# ...#
..####...... ........ .>
.## #.....#.......#...
.#####.......##..###....
.......## ### ##.# ...
.###..... #.. ...
.####.###


You could see a hobgoblin and a bat.

Vanquished Creatures
  A dart slug (D:1)
  An orc (D:2)
  2 ball pythons
  2 endoplasms
  2 giant cockroaches (D:2)
  A goblin (D:1)
  11 jackals (D:1)
  2 bats (D:1)
  5 kobolds
  4 rats
31 creatures vanquished.

Notes
Turn   | Place    | Note
-------+----------+-------------------------------------------
     0 | D:1      | NinjaNoafa the Human Wanderer began the quest for the Orb.
     0 | D:1      | NinjaNoafa set off with the following items: a +0 dagger, a
                  | scroll of vulnerability, a potion of lignification, a +2
                  | leather armour; and the following spell memorised: Slow;
                  | and the following spells available to memorise: Dazzling
                  | Flash.
     0 | D:1      | Reached XP level 1. HP: 15/15 MP: 4/4
   376 | D:1      | Reached skill level 1 in Hexes
   389 | D:1      | Reached XP level 2. HP: 16/21 MP: 6/6
   680 | D:1      | Reached XP level 3. HP: 21/26 MP: 7/7
  1019 | D:2      | Noticed Sigmund
  1079 | D:2      | Slain by Sigmund

Illustrated notes

Levels and vault maps discovered:
D:1:      wheals_arrival_linesprint, layout_rooms
D:2:      layout_rooms, uniq_sigmund, uniq_natasha

Skill      XL: |  1  2  3 |
---------------+----------+-----
Hexes          | 1 2 3 |  3.0
Fighting       | |  1.0
Dodging        | |  4.0
Stealth        | |  1.0
Spellcasting   | |  3.0
Invocations    | |  1.0

Action                     || total
---------------------------++-------
  Melee: Short sword       ||   172
         Dagger            ||    18
         Unarmed           ||     1
         Punch             ||     3
   Cast: Slow              ||    21
    Use: Potion            ||     4
   Stab: Sleeping          ||     1
 Armour: Leather armour    ||   144
         Skin              ||     2
  Dodge: Dodged            ||   245

Table legend: (Time is in decaauts)
 A = Elapsed time spent in this place.
 B = Non-inter-level travel time spent in this place.
 C = Inter-level travel time spent in this place.
 D = Time resting spent in this place.
 E = Time spent auto-exploring this place.
 F = Levels seen in this place.
 G = Mean time per level.
                   A        B        C        D        E       F      G
               +--------+--------+--------+--------+--------+-----+--------+
         Total |   1077 |   1017 |     60 |      0 |    518 |   2 |  538.5 |
       Dungeon |   1077 |   1017 |     60 |      0 |    518 |   2 |  538.5 |
               +--------+--------+--------+--------+--------+-----+--------+

Top non-repeatable levels by time:
     D:1: 868 daAuts
     D:2: 208 daAuts
